 Dungeon Crawl Stone Soup version 0.25.1-9-gc5326a611f (webtiles) character file.

Game seed: 3250150788757707326

274 stebl the Conjurer (level 6, -6/45 HPs)
             Began as a Draconian Conjurer on Dec 23, 2020.
             Killed from afar by Ijyb (11 damage)
             ... with an iceblast
             ... on level 3 of the Dungeon.
             The game lasted 00:18:54 (5095 turns).

stebl the Conjurer (Draconian Conjurer)             Turns: 5095, Time: 00:18:55

Health: -6/45      AC:  6    Str: 10    XL:     6   Next: 3%
Magic:  1/11       EV: 12    Int: 18    God:
Gold:   173        SH:  0    Dex: 11    Spells: 6/12 levels left

rFire    x . .     SeeInvis .   (no weapon)
rCold    + . .     Gourm    .   (no shield)
rNeg     . . .     Faith    .   (armour unavailable)
rPois    .         Spirit   .   (helmet restricted)
rElec    .         Reflect  .   (no cloak)
rCorr    .         Harm     .   (no gloves)
MR       .....                  (no boots)
Stlth    ++........             (no amulet)
HPRegen  0.15/turn              C - ring of ice
MPRegen  0.12/turn              (no ring)

@: no status effects
A: unfitting armour, cold-blooded, AC +6
a: no special abilities


You were on level 3 of the Dungeon.
You were very hungry.

You visited 2 branches of the dungeon, and saw 5 of its levels.

You collected 173 gold pieces.


Innate Abilities, Weirdness & Mutations

Your plain brown scales are hard. (AC +6)
You cannot fit into any form of body armour.
You are cold-blooded and may be slowed by cold attacks.


   Skills:
 - Level 1.7 Dodging
 - Level 1.7 Stealth
 + Level 3.6 Spellcasting
 * Level 6.4 Conjurations


You had 6 spell levels left.
You knew the following spells:

 Your Spells              Type           Power        Failure   Level  Hunger
d - Dazzling Flash        Conj/Hex       ##....       12%         3    ###....
s - Searing Ray           Conj           ####..       1%          2    ##.....
z - Magic Dart            Conj           ####         1%          1    None

Your spell library contained the following spells:

 Spells                   Type           Power        Failure   Level  Hunger
 Fulminant Prism          Conj/Hex       ##........   38%         4    ####...
 Iskenderun's Mystic Bla  Conj/Tloc      ##......     38%         4    ####...
 Confusing Touch          Hex            #.......     43%         3    ###....
 Gell's Gravitas          Tloc           #.........   43%         3    ###....
 Petrify                  Tmut/Erth      #.......     83%         4    ####...
 Metabolic Englaciation   Hex/Ice        #.........   99%         5    ######.
 Yara's Violent Unravell  Hex/Tmut       #.........   99%         5    ######.

Inventory:

Missiles
 f - 122 stones (quivered)
Jewellery
 C - a ring of ice (left hand)
Scrolls
 a - a scroll of teleportation {unknown}
 d - a scroll of identify {unknown}
 h - a scroll of remove curse {unknown}
 j - 2 scrolls of enchant weapon {unknown}
 l - a scroll of noise {unknown}
 m - 3 scrolls of amnesia
 o - a scroll of immolation {unknown}
Potions
 c - a potion of curing {unknown}
 e - 3 potions of heal wounds {unknown}
 g - a potion of cancellation {unknown}
 i - 2 potions of might {unknown}
 n - a potion of flight {unknown}
 q - a potion of magic {unknown}
Comestibles
 b - 7 rations {@e1}

Dungeon Overview and Level Annotations

Branches:
Dungeon (4/15)             Temple (1/1) D:4

Altars:
Ashenzari
Cheibriados
Dithmenos
Elyvilon
Fedhas
Gozag
Hepliaklqana
Kikubaaqudgha
Makhleb
Nemelex Xobeh
Okawaru
Qazlal
Ru
Sif Muna
Trog
Uskayaw
Wu Jian
Xom
Yredelemnul
Zin
The Shining One

Annotations:
D:3 Grinder, Ijyb

#### ### #.. ..# #.#
#.# ###.####(#
###......#.#
#...@..#.#.#####
#.#†#..........######
#.#.##g#######..[....
#.#......# #######.
#.####.#.# ####. #.
#.#.# ##.... #. ..# #
####..... ## ###
......... ........#


You could see Ijyb.


Message History

Ijyb is severely wounded.
Ijyb hits you but does no damage.
You hit Ijyb but do no damage.
Ijyb is severely wounded.
Ijyb hits you but does no damage.
You hit Ijyb but do no damage.
Ijyb is severely wounded.
You are feeling very hungry.
Ijyb barely misses you.
You closely miss Ijyb.
Ijyb is severely wounded.
Ijyb barely misses you.
You closely miss Ijyb.
Ijyb is severely wounded.
Ijyb hits you.
* * * LOW HITPOINT WARNING * * *
You hit Ijyb.
Ijyb is almost dead.
Ijyb barely misses you.
You hit Ijyb but do no damage.
Your tail-slap misses Ijyb.
Ijyb is almost dead.
Ijyb hits you but does no damage.
You hit Ijyb but do no damage. You tail-slap Ijyb, but do no damage.
Ijyb is severely wounded.
Ijyb screams, "I no like you!" Ijyb hits you.
* * * LOW HITPOINT WARNING * * *
Ijyb zaps a wand.
The mass of ice explodes!
The iceblast engulfs you! You partially resist.
You die...

Skill      XL: |  1  2  3  4  5 |
---------------+----------------+-----
Conjurations   | 5 6 |  6.4
Spellcasting   | 3 |  3.6
Dodging        | |  1.7
Stealth        | |  1.7

Action                   |  1- 3 |  4- 6 || total
-------------------------+-------+-------++-------
Melee: Unarmed           |     2 |     8 ||    10
       Tailslap          |     1 |     1 ||     2
 Cast: Magic Dart        |    88 |    93 ||   181
       Searing Ray       |     5 |     2 ||     7
  Use: Scroll            |     3 |       ||     3
       Potion            |       |     2 ||     2
  Eat: Chunk             |     6 |     4 ||    10
       Ration            |     1 |       ||     1
Armor: Skin              |    10 |    13 ||    23
Dodge: Dodged            |    14 |    39 ||    53

Levels and vault maps discovered:
D:1:      roderic_octagonal_star, layout_basic, minmay_tree_intersection
D:2:      layout_basic
D:3:      layout_loops_cross, uniq_jessica, uniq_ijyb, uniq_grinder
D:4:      layout_basic, minmay_temple_entry_arrows, first_ration
Temple:   nicolae_temple_the_god_donut

Notes
Turn   | Place    | Note
-------+----------+-------------------------------------------
     0 | D:1      | stebl the Draconian Conjurer began the quest for the Orb.
     0 | D:1      | Reached XP level 1. HP: 14/14 MP: 3/3
   332 | D:1      | Reached XP level 2. HP: 20/20 MP: 1/5
   336 | D:1      | Learned a level 2 spell: Searing Ray
  1147 | D:1      | Reached skill level 5 in Conjurations
  1232 | D:1      | Reached XP level 3. HP: 26/26 MP: 4/6
  2279 | D:3      | Noticed Grinder
  2332 | D:3      | Learned a level 3 spell: Dazzling Flash
  2334 | D:3      | Paralysed by Grinder for 5 turns
  2519 | D:3      | HP: 2/26 [Grinder/nerve-wracking pain (1)]
  3049 | D:4      | Reached XP level 4. HP: 33/33 MP: 2/7
  3209 | D:4      | HP: 4/49 [poisoned by a worker ant]
  3216 | D:4      | HP: 3/49 [poisoned by a worker ant]
  3224 | D:4      | HP: 2/49 [poisoned by a worker ant]
  3529 | D:4      | Reached skill level 3 in Spellcasting
  3615 | D:4      | Reached XP level 5. HP: 38/38 MP: 0/9
  4109 | D:3      | Reached skill level 6 in Conjurations
  4633 | D:4      | Found a staircase to the Ecumenical Temple.
  4639 | Temple   | Entered the Ecumenical Temple
  5007 | D:3      | Noticed Jessica
  5012 | D:3      | Killed Jessica
  5012 | D:3      | Reached XP level 6. HP: 45/45 MP: 7/11
  5052 | D:3      | Noticed Ijyb
  5068 | D:3      | HP: 3/45 [Ijyb/iceblast (6)]
  5095 | D:3      | Killed from afar by Ijyb

Vanquished Creatures
  Jessica (D:3)
  5 worker ants (D:4)
  A killer bee zombie (D:3)
  3 adders
  An ooze (D:1)
  A worm (D:3)
  A dart slug (D:3)
  5 leopard geckos
  An orc (D:3)
  3 giant cockroaches
  5 goblins
  9 hobgoblins
  7 jackals (D:3)
  2 quokkas (D:2)
  4 ball pythons
  10 bats
  6 kobolds
  7 rats
72 creatures vanquished.

Vanquished Creatures (others)
  A rat (D:3)
1 creature vanquished.

Grand Total: 73 creatures vanquished

Table legend:
 A = Turns spent in this place as a percentage of turns spent in the entire game.
 B = Non-inter-level travel turns spent in this place as a percentage of non-inter-level travel turns spent in the entire game.
 C = Inter-level travel turns spent in this place as a percentage of turns spent in this place.
 D = Turns resting spent in this place as a percentage of non-inter-level travel turns spent in this place.
 E = Turns spent auto-exploring this place as a percentage of non-inter-level travel turns spent in this place.
 F = Non-inter-level travel turns spent in this place divided by the number of levels of this place that you've seen.
                   A       B       C       D       E      F
               +-------+-------+-------+-------+-------+----------------------
         Total | 100.0 | 100.0 |   4.6 |  27.5 |  60.6 | 972.4
       Dungeon |  95.2 |  94.9 |   4.8 |  29.0 |  58.8 | 1154.0
        Temple |   4.8 |   5.1 |   0.0 |   0.0 |  94.3 | 246.0
               +-------+-------+-------+-------+-------+----------------------

Table legend:
 A = Non-vault XP
 B = Vault XP
 C = Vault XP percentage of total XP
 D = Non-vault monster count
 E = Vault monster count
 F = Vault count percentage of total count
                 A         B        C        D         E       F
            +---------+---------+-------+---------+---------+-------
      Total |     355 |      37 |   9.4 |      71 |       1 |   1.4
            +---------+---------+-------+---------+---------+-------
        D:1 |      43 |       0 |   0.0 |      23 |       0 |   0.0
        D:2 |      34 |       0 |   0.0 |      19 |       0 |   0.0
        D:3 |      99 |      37 |  27.2 |      22 |       1 |   4.3
        D:4 |     179 |       0 |   0.0 |       7 |       0 |   0.0
            +---------+---------+-------+---------+---------+-------
